 Dungeon Crawl Stone Soup version 0.30.1-11-g7821555f0a (webtiles) character file.

Game seed: 11901425801389683365

81 Ijustatesigmund the Magician (level 4, -4/25 HPs)
             Began as a Deep Elf Earth Elementalist on Dec 12, 2023.
             Slain by an ogre
             ... wielding a +0 giant spiked club
              (29 damage)
             ... on level 4 of the Dungeon.
             The game lasted 00:03:59 (2176 turns).

Ijustatesigmund the Magician (DEEE)                 Turns: 2176, Time: 00:03:59

Health: -4/25      AC:  4    Str:  5    XL:     4   Next: 19%
Magic:  12/12      EV: 12    Int: 22    God:
Gold:   243        SH:  0    Dex: 15    Spells: 7/11 levels left

rFire   . . .        e - +2 dagger (venom)
rCold   . . .        (no shield)
rNeg    + . .        a - +0 robe
rPois   .            p - +0 helmet
rElec   .            (no cloak)
rCorr   .            (no gloves)
SInv    .            n - +0 pair of boots
Will    .....        (no amulet)
Stlth   ++           g - ring of positive energy
HPRegen 0.24/turn    (no ring)
MPRegen 0.13/turn

%: no passive effects
@: no status effects
A: no striking features
a: no special abilities


You were on level 4 of the Dungeon.
You visited 1 branch of the dungeon, and saw 4 of its levels.

You collected 243 gold pieces.

Inventory:

Hand Weapons
 e - a +2 dagger of venom (weapon)
Armour
 a - a +0 robe (worn)
 n - a +0 pair of boots (worn)
 p - a +0 helmet (worn)
 v - a +2 leather armour of poison resistance
Jewellery
 g - a ring of positive energy (left hand)
 x - a ring of flight
Scrolls
 f - a scroll of summoning {unknown}
 i - 2 scrolls of magic mapping {unknown}
 j - a scroll of silence {unknown}
 k - a scroll of enchant weapon {unknown}
 r - a scroll of fear {unknown}
 u - a scroll of noise {unknown}
 w - a scroll of teleportation {unknown}
Potions
 b - a potion of magic
 c - a potion of haste {unknown}
 d - 2 potions of ambrosia
 h - a potion of might
 l - a potion of berserk rage {unknown}
 m - a potion of brilliance {unknown}
 o - a potion of lignification {unknown}
 q - 2 potions of curing {unknown}
 s - a potion of flight {unknown}
 t - a potion of mutation {unknown}


   Skills:
 - Level 1.1 Fighting
 - Level 2.4 Dodging
 - Level 2.4 Stealth
 + Level 4.1 Spellcasting
 * Level 1.9 Conjurations
 - Level 1.1 Transmutations
 + Level 4.1 Earth Magic


You had 7 spell levels left.
You knew the following spells:

 Your Spells              Type           Power      Damage    Failure   Level
a - Sandblast             Erth           44%        2d11      1%          1
b - Stone Arrow           Conj/Erth      34%        3d9       10%         3

Your spell library contained the following spells:

 Spells                   Type           Power      Damage    Failure   Level
 Passwall                 Tmut/Erth      13%        N/A       6%          2
 Lesser Beckoning         Tloc           8%         N/A       17%         2
 Gell's Gravitas          Tloc           4%         N/A       32%         3
 Teleport Other           Tloc           4%         N/A       32%         3
 Petrify                  Tmut/Erth      16%        N/A       36%         4


Dungeon Overview and Level Annotations

Branches:
Dungeon (4/15)
 Temple: D:4-7

Altars:

Annotations:
D:3 3 runed translucent doors, Sigmund; mmk665's ghost, amateur GrBe


Message History

Aim: a quokka (76% to hit)
The blast of sand hits the quokka.
The quokka is almost dead.
Casting: Sandblast (safe; 1% risk of failure)
Confirm with . or Enter, or press ? or * to list all spells.
Aiming: Sandblast (safe; 1% risk of failure)
Press: ? - help, Shift-Dir - straight line, f/p - quokka
Aim: a quokka (almost dead, 76% to hit)
The blast of sand hits the quokka!
You kill the quokka!
Casting: Sandblast (safe; 1% risk of failure)
Confirm with . or Enter, or press ? or * to list all spells.
Aiming: Sandblast (safe; 1% risk of failure)
Press: ? - help, Shift-Dir - straight line, f - adder
Aim: an adder (asleep, 100% to hit)
The blast of sand hits the adder!
The adder is severely wounded.
Casting: Sandblast (safe; 1% risk of failure)
Confirm with . or Enter, or press ? or * to list all spells.
Aiming: Sandblast (safe; 1% risk of failure)
Press: ? - help, Shift-Dir - straight line, f/p - adder
Aim: an adder (severely wounded, 72% to hit)
The blast of sand misses the adder.
The adder closely misses you.
Casting: Sandblast (safe; 1% risk of failure)
Confirm with . or Enter, or press ? or * to list all spells.
Aiming: Sandblast (safe; 1% risk of failure)
Press: ? - help, Shift-Dir - straight line, f/p - adder
Aim: an adder (severely wounded, 72% to hit)
The blast of sand hits the adder!
You kill the adder!
The ogre shouts!
You climb upwards.
Level annotation: 3 runed translucent doors, Sigmund; mmk665's ghost, amateur GrBe
There is a stone staircase leading down here.
You start resting.
Magic restored.
You climb downwards.
The ogre hits you with a +0 giant spiked club!!
Ouch! That really hurt!
You die...

#########.
#....!....
#.........
#...?.....
#.........
#O.!......
#.@†......
#.........
#.........
#.........
#.........
##########


You could see an ogre.

Vanquished Creatures
  3 adders
  A worm (D:2)
  2 dart slugs (D:1)
  An orc (D:3)
  2 endoplasms
  A giant cockroach (D:3)
  5 hobgoblins
  3 jackals (D:2)
  4 quokkas
  4 ball pythons
  3 bats
  2 frilled lizards
  A goblin (D:1)
  4 kobolds
  11 rats
47 creatures vanquished.

Notes
Turn   | Place    | Note
-------+----------+-------------------------------------------
     0 | D:1      | Ijustatesigmund the Deep Elf Earth Elementalist began the
                  | quest for the Orb.
     0 | D:1      | Reached XP level 1. HP: 10/10 MP: 6/6
   264 | D:1      | Reached XP level 2. HP: 16/16 MP: 6/8
   762 | D:2      | Reached skill level 1 in Fighting
   764 | D:2      | Reached XP level 3. HP: 20/20 MP: 7/10
   768 | D:2      | Learned a level 3 spell: Stone Arrow
  1393 | D:2      | Reached skill level 1 in Conjurations
  1841 | D:3      | Noticed a centaur
  1853 | D:3      | Found a runed translucent gate.
  1853 | D:3      | Found a runed translucent gate.
  1853 | D:3      | Found a runed translucent gate.
  1855 | D:3      | Noticed mmk665's ghost (amateur GrBe)
  1911 | D:3      | Found a faded altar of an unknown god.
  2061 | D:3      | Reached XP level 4. HP: 25/25 MP: 10/12
  2129 | D:3      | Noticed Sigmund
  2138 | D:4      | Noticed an ogre
  2176 | D:4      | Slain by an ogre

Illustrated notes

Levels and vault maps discovered:
D:1:      scummos_arrival_checkerplants, layout_rooms
D:2:      layout_basic, minmay_hexomino_u4
D:3:      layout_basic, gammafunk_ghost_split, shapermc_ecumenical_altar_gd,
          minmay_crystal_room, uniq_sigmund
D:4:      layout_rooms, uniq_grinder

Skill      XL: |  1  2  3 |
---------------+----------+-----
Fighting       | 1 |  1.1
Conjurations   | 1 |  1.9
Earth Magic    | 4 |  4.1
Spellcasting   | 4 |  4.1
Dodging        | |  2.4
Stealth        | |  2.4
Transmutations | |  1.1

Action                     |  1- 3 |  4- 6 || total
---------------------------+-------+-------++-------
  Melee: Dagger            |     8 |       ||     8
   Cast: Sandblast         |    52 |     6 ||    58
    Use: Scroll            |     2 |       ||     2
   Stab: Sleeping          |     1 |       ||     1
 Armour: Robe              |     2 |       ||     2
  Dodge: Dodged            |     4 |     1 ||     5
